 Dungeon Crawl Stone Soup version 0.28-a0-751-gef3a642a4e (webtiles) character file.

Game seed: 1405733716258464407

64 bande the Covered (level 4, 29/29 HPs)
             Began as a Gargoyle Fighter on Oct 31, 2021.
             Quit the game on level 3 of the Dungeon.
             The game lasted 00:04:02 (2223 turns).

bande the Covered (Gargoyle Fighter)                Turns: 2223, Time: 00:04:03

Health: 29/29      AC: 17    Str: 18 (21) XL:     4   Next: 12%
Magic:  4/4        EV:  5    Int:  5 (8)  God:
Gold:   132        SH:  4    Dex:  8 (9)  Spells: 3/3 levels left

rFire   . . .      SeeInvis .   a - +0 war axe
rCold   . . .      Faith    .   c - +0 buckler
rNeg    + . .      Spirit   .   i - +0 plate armour
rPois   ∞          Reflect  .   (no helmet)
rElec   +          Harm     .   (no cloak)
rCorr   .          Rampage  .   k - +1 pair of gloves
Will    .....                   (no boots)
Stlth   ..........              (no amulet)
HPRegen 0.09/turn               (no ring)
MPRegen 0.09/turn               (no ring)

@: no status effects
A: sickness immunity, AC +3, negative energy resistance 1, electricity
resistance, torment resistance 1, petrification resistance, deterioration 1
a: no special abilities


You were on level 3 of the Dungeon.
You visited 1 branch of the dungeon, and saw 3 of its levels.

You collected 132 gold pieces.

Inventory:

Hand Weapons
 a - a +0 war axe (weapon)
Armour
 c - a +0 buckler (worn)
 i - a +0 plate armour (worn)
 k - a +1 pair of gloves (worn)
Scrolls
 l - a scroll of teleportation
Potions
 d - 2 potions of might
 e - a potion of flight
 j - a potion of attraction {unknown}


   Skills:
 + Level 3.8 Fighting
 + Level 2.7 Axes
 + Level 3.9 Armour
 - Level 0.2 Stealth
 + Level 3.6 Shields


You had 3 spell levels left.
You didn't know any spells.
Your spell library contained the following spells:

 Spells                   Type           Power      Damage    Failure   Level
 Slow                     Hex            0%         N/A       100%        1
 Confusing Touch          Hex            0%         N/A       100%        3
 Vampiric Draining        Necr           0%         2d6       100%        3


Dungeon Overview and Level Annotations

Branches:
Dungeon (3/15)

Altars:

Shops:
D:1 [


Innate Abilities, Weirdness & Mutations

You are immune to sickness and miasma.
Your stone body is resilient. (AC +3)
You are immune to poison.
You resist negative energy. (rN+)
You are resistant to electric shocks. (rElec)
You are resistant to unholy torment.
You are immune to petrification.
Your body sometimes deteriorates upon taking damage.


Message History

There is a stone staircase leading up here.
As you read the scroll labelled SETAUCHOI LUPN, it crumbles to dust.
It is a scroll of enchant armour.
Your +0 pair of gloves glows green for a moment.
Found 22 arrows.
You now have 91 gold pieces (gained 10).
A hobgoblin and a dart slug come into view.
Found 14 gold pieces.
The hobgoblin shouts!
You slash the dart slug!
You kill the dart slug!
You barely miss the hobgoblin.
The hobgoblin hits you but does no damage.
You barely miss the hobgoblin. The hobgoblin barely misses you. x2
You hit the hobgoblin.
You kill the hobgoblin!
No target in view!
No target in view!
No target in view!
No target in view!
No target in view!
No target in view!
You now have 105 gold pieces (gained 14).
j - an orange potion You now have 115 gold pieces (gained 10).
You now have 132 gold pieces (gained 17).
Found a stone staircase leading up.
Found a stone staircase leading down.
There is a stone staircase leading down here.
l - a scroll of teleportation
Okay, then.
It was a potion of magic.
Magic courses through your body.
It was a potion of heal wounds.
You feel much better.
It was a potion of degeneration.
There was something very wrong with that liquid.
You feel weakened.
You feel dopey.
You feel clumsy.
It was a potion of mutation.
You feel extremely strange.
Your toenails lengthen and sharpen.
Your talons dull and shrink into feet.
You feel yourself wasting away.
Are you sure you want to abandon this character and quit the game? (Confirm with "yes".)

#.....# #.###.#######
#.# #........
###.####..#####
..#...##..#....
###.###.#...#.### #.#.#
#.#.#.#.#..
###.####.#.###.#.#.#.###
.......@>......#.#.#....
########.#.#####(#.#####
#.#.#..<#.#....#
#.#.#...#.####.#
#.#.###.#.####.#
#.#.###......#.#
#............#.#
####.###.....#.#
#.........#.#


There were no monsters in sight!

Vanquished Creatures
  An adder (D:2)
  A worm (D:2)
  3 dart slugs
  4 endoplasms
  3 giant cockroaches
  2 goblins (D:2)
  6 hobgoblins
  2 jackals (D:2)
  3 quokkas (D:1)
  4 ball pythons
  3 bats
  4 frilled lizards (D:1)
  3 kobolds
  3 rats
  A spectral kobold (D:1)
43 creatures vanquished.

Notes
Turn   | Place    | Note
-------+----------+-------------------------------------------
     0 | D:1      | bande the Gargoyle Fighter began the quest for the Orb.
     0 | D:1      | Reached XP level 1. HP: 14/14 MP: 1/1
    91 | D:1      | Reached XP level 2. HP: 12/19 MP: 2/2
   501 | D:1      | Found a faded altar of an unknown god.
   558 | D:1      | Found Fiefruin's Armour Shop.
   635 | D:1      | Reached XP level 3. HP: 22/23 MP: 3/3
  1582 | D:2      | Reached XP level 4. HP: 29/29 MP: 4/4
  2222 | D:3      | Gained mutation: You have sharp toenails. [potion of
                  | mutation]
  2222 | D:3      | Lost mutation: You have sharp toenails. [potion of
                  | mutation]
  2222 | D:3      | Gained mutation: Your body sometimes deteriorates upon
                  | taking damage. [potion of mutation]
  2223 | D:3      | Quit the game

Illustrated notes

Levels and vault maps discovered:
D:1:      onia_arrival_mini_spirals, layout_rooms, serial_shops, shop,
          dreamdust_ecumenical_altar_drowned_temple
D:2:      layout_loops_ring, grunt_decor_one_mirror
D:3:      layout_basic, lemuel_tele_altar

Skill      XL: |  1 |
---------------+----+-----
Axes           | 2 |  2.7
Fighting       | |  3.8
Armour         | |  3.9
Stealth        | |  0.2
Shields        | |  3.6

Action                   |  1- 3 |  4- 6 || total
-------------------------+-------+-------++-------
Melee: War axe           |   113 |    11 ||   124
  Use: Scroll            |     2 |     3 ||     5
       Potion            |       |     4 ||     4
Armor: Scale mail        |    52 |       ||    52
       Plate armour      |     5 |     5 ||    10
Dodge: Dodged            |    69 |     7 ||    76
Block: Buckler           |    20 |     2 ||    22

Table legend: (Time is in decaauts)
 A = Elapsed time spent in this place.
 B = Non-inter-level travel time spent in this place.
 C = Inter-level travel time spent in this place.
 D = Time resting spent in this place.
 E = Time spent auto-exploring this place.
 F = Levels seen in this place.
 G = Mean time per level.
                   A        B        C        D        E       F      G
               +--------+--------+--------+--------+--------+-----+--------+
         Total |   2281 |   2265 |     16 |    124 |   1775 |   3 |  760.3 |
       Dungeon |   2281 |   2265 |     16 |    124 |   1775 |   3 |  760.3 |
               +--------+--------+--------+--------+--------+-----+--------+

Top non-repeatable levels by time:
     D:1: 1160 daAuts
     D:2: 976 daAuts
     D:3: 145 daAuts
